Unix NetHack Version 5.0.0-0 post-release - last build Jun 10 2026 00:39:30 (3ee93aec679c4c4259841fe613dc97188e26a321,branch:main).

Game began 2026-07-04 22:28:16, ended 2026-07-05 01:12:17.

Brudee, chaotic female human Rogue

                                                     -------
                                @                   #......-#
                                @                   #|.....|#
                                #                  ##-------#
                                #                 ##        #
                                #                 #         #
                                #                 #         #
                                #              ####      #####
                                #              #         #---+---------
                              ###             ##         #|...........|
                              #------------- ##          #...)........|
                              #|...........| #            |...........|
                              #|............###           |.......<...|
                              #|...........|##            -------------
                              #|...........|
                              #.............
                               -------------

Brudee the Rogue        St:9 Dx:16 Co:15 In:11 Wi:14 Ch:8  Chaotic S:8426
Dlvl:6  $:428 HP:0(53) Pw:42(42) AC:2  Xp:8/1872 T:5420  Burdened Hallu

Latest messages:
 You miss the diagonally moving grid bug.
 You hit the disenchanter.
 The hobbit bites!
 The frost giant bites!
 You hit the kobold.
 You miss the Green-elf.
 The voluptuous ampersand bites!
 You kill the incubus!
 You drop an uncursed dagger.
 You drop a cursed dagger.
 That door is closed.
 The door resists!
 The door opens.
 You have a little trouble lifting $ - 17 gold pieces (428 in total).
 You hit the elwedritsche.
 You miss the vampire lady.
 You hit the stalker!
 You miss the xeroc.
 You kill the red naga!
 The scorpion kicks!
 The giant rat bites!
 The guardian naga hatchling kicks!
 The gray goo bites!
 The Ewok misses!
 The orc-captain bites!
 You miss the black unicorn.
 You miss the quest sprout.
 The elf-lady kicks!
 The baby gray dragon bites!
 The dwarf kicks!
 The Dalek bites!
 In what direction? j
 The dagger hits the erinys.
 The quagga kicks!
 The baby long worm bites!
 The arch-lich kicks!
 The carnivorous ape bites!
 In what direction? j
 You throw 3 daggers.
 The 1st dagger hits the glossy golem.
 The 2nd dagger hits the rust monster!
 The 3rd dagger hits the little dog!
 The acute blob kicks!
 The wood nymph bites!
 The leathery-winged avian kicks!
 The baby long word bites!
 The ogre lord kicks!
 You die...
 Do you want your possessions identified? [ynq] (y) y
 Do you want to see your attributes? [ynq] (y) q

Inventory:
 Coins    ('$')
  $ - 428 gold pieces
 Amulets  ('"')
  B - an uncursed amulet of ESP (being worn)
 Weapons  (')')
  G - 3 +0 daggers (at the ready)
  U - a +0 elven dagger (wielded in right hand)
  t - the blessed fireproof +3 Sting (wielded in left hand)
  v - the rustproof +2 Dragonbane
 Armor    ('[')
  Q - an uncursed very cracked +0 helm of brilliance (being worn)
  A - an uncursed +0 pair of gauntlets of dexterity (being worn)
  o - an uncursed burnt +0 pair of jumping boots (being worn)
  m - an uncursed burnt +0 robe (being worn)
  E - an uncursed +0 dwarvish mithril-coat (being worn)
 Comestibles  ('%')
  z - 2 uncursed food rations
  N - an uncursed pear
 Scrolls  ('?')
  k - an uncursed scroll of enchant armor
 Potions  ('!')
  F - an uncursed potion of booze
  w - 3 potions of holy water
 Rings    ('=')
  g - an uncursed ring of polymorph control
  d - an uncursed ring of searching
 Wands    ('/')
  V - a wand of cancellation (0:6)
  h - a wand of digging (0:6)
  q - a wand of digging (0:4)
  D - a wand of magic missile (0:4)
  n - a wand of magic missile (0:3)
  j - a wand of probing (0:7)
  J - a wand of teleportation (0:6)
 Tools    ('(')
  i - an uncursed sack containing 14 items
  l - an uncursed wooden flute
  e - an uncursed lock pick
  r - an uncursed oil lamp
  b - an uncursed towel
 Gems/Stones  ('*')
  C - an uncursed opal
  u - 2 uncursed worthless pieces of green glass

Contents of the sack:
  an uncursed scroll of blank paper
  an uncursed scroll of confuse monster
  an uncursed scroll of destroy armor
  a cursed scroll of enchant weapon
  an uncursed scroll of scare monster
  an uncursed scroll of teleportation
  a cursed scroll of teleportation
  a blessed potion of fruit juice
  an uncursed potion of fruit juice
  2 uncursed potions of full healing
  an uncursed potion of levitation
  an uncursed potion of restore ability
  an uncursed potion of sickness
  an uncursed potion of speed

Brudee the Rogue's attributes:

Background:
 You were a Rogue, level 8 female human.
 You were chaotic, on a mission for Kos
 who was opposed by Issek (lawful) and Mog (neutral).
 You were left-handed.
 You were in the Dungeons of Doom, on level 6.
 You entered the dungeon 5420 turns ago.
 It was nighttime.
 You had 1872 experience points, 688 more were needed to attain level 9.
 Your score was 8426 before end-of-game adjustments.

Basics:
 You had 0 out of 53 hit points.
 You had all 42 energy points (spell power).
 Your armor class was 2.
 Your wallet contained 428 Hong Kong Luna Dollars.
 Autopickup was on for '$"?!=/' plus thrown.

Final Characteristics:
 Your strength was 9 (peak:13, limit:18/100).
 Your dexterity was 16 (peak:17, limit:18).
 Your constitution was 15 (peak:16, limit:18).
 Your intelligence was 11 (limit:18).
 Your wisdom was 14 (limit:18).
 Your charisma was 8 (limit:18).

Final Status:
 You were hallucinating.
 You weren't hungry.
 You were burdened; movement was slightly slowed.
 You were wielding two weapons at once.
 Your skill in dagger was limited by being basic with two weapons.

Final Attributes:
 You were piously aligned.
 You were telepathic.
 You were aware of the presence of orcs.
 You were stealthy.
 You could jump.
 You were guarded.
 Your spell casting was impaired by metallic armor, mitigated by your robe.
 You are dead.

Miscellaneous:
 You didn't encounter any bones levels.
 Total elapsed playing time was 1 hour, 36 minutes and 25 seconds.

Major events:
 Turn
    1: Brudee the chaotic female human Rogue entered the dungeon
  780: attained the rank of Cutpurse (level 3)
 1136: entered the Gnomish Mines
 1431: killed Chibougamau, the general store proprietor
 1466: attained the rank of Rogue (level 6)
 3001: reached Mine Town
 3145: was bestowed with Sting by Kos
 4331: was bestowed with Dragonbane by Kos
 5420: killed by a hallucinogen-distorted horse

Spells:
 Name                 Level Category     Fail Retention
 chain lightning        2   attack       100%    (gone)
 detect food            2   divination   100%    (gone)
 light                  1   divination    70%    (gone)

Skills:
 Fighting Skills
   bare handed combat [Unskilled]
   two weapon combat  [Basic]
   riding             [Unskilled]
 Weapon Skills
   dagger             [Expert]
   knife              [Unskilled]
   short sword        [Basic]
   broadsword         [Basic]
   long sword         [Unskilled]
   two-handed sword   [Unskilled]
   saber              [Unskilled]
   club               [Unskilled]
   mace               [Unskilled]
   morning star       [Unskilled]
   flail              [Unskilled]
   hammer             [Unskilled]
   polearms           [Unskilled]
   spear              [Unskilled]
   crossbow           [Unskilled]
   dart               [Unskilled]
   shuriken           [Unskilled]
 Spellcasting Skills
   divination spells  [Unskilled]
   escape spells      [Unskilled]
   matter spells      [Unskilled]

Voluntary challenges:
 Character rerolling was not enabled.
 You never genocided any monsters.
 You never polymorphed an object.
 You never changed form.
 You used no wishes.
Achievements:
 You entered a shop.
 You attained the rank of Cutpurse.
 You entered the Gnomish Mines.
 You attained the rank of Rogue.
 You entered Minetown.
 You entered a temple.

 The Dungeons of Doom: levels 1 to 6
    Level 1:
    Level 2:
       An armor shop.
    Level 3:
       A fountain.
    Level 4:
       A general store, a fountain, a grave.
       Stairs down to The Gnomish Mines.
    Level 5:
    Level 6: <- You were here.
       Final resting place for
          you, killed by a hallucinogen-distorted horse.
 The Gnomish Mines: levels 5 to 9
    Level 5:
    Level 6:
    Level 7:
       Many shops, a temple and an altar to Kos, some fountains.
    Level 8:
    Level 9:


Vanquished creatures:
  a shopkeeper
  2 small mimics
  2 tengu
  a leprechaun
  a giant spider
 an orc mummy
  a jaguar
  a dust vortex
  a wood nymph
 11 Mordor orcs
 an orc shaman
  2 rock piercers
  a shrieker
  a violet fungus
  5 gnome leaders
  2 gnomish wizards
  a giant ant
  a floating eye
  2 kittens
  9 dwarves
  a kobold leader
  a kobold shaman
  5 hill orcs
  a rabid rat
  a giant bat
  2 wererats
  a werejackal
  2 iguanas
 11 killer bees
 an acid blob
  5 coyotes
  3 hobbits
  2 large kobolds
  4 giant rats
  2 cave spiders
  2 brown molds
  a yellow mold
  a red mold
 35 gnomes
  5 garter snakes
  4 geckos
  7 jackals
  3 foxes
  a kobold
  a goblin
  3 grid bugs
  3 bats
  2 lichens
  a kobold zombie
  6 newts
164 creatures vanquished.

No species were genocided or became extinct.

Game over:
                       ----------
                      /          \
                     /    REST    \
                    /      IN      \
                   /     PEACE      \
                  /                  \
                  |      Brudee      |
                  |      428 Au      |
                  |   killed by a    |
                  | hallucinogen-dis |
                  |   torted horse   |
                  |                  |
                  |       2026       |
                 *|     *  *  *      | *
        _________)/\\_//(\/(/\)/\//\/|_)_______

Goodbye Brudee the Rogue...

You died in The Dungeons of Doom on dungeon level 6 with 8384 points,
and 428 pieces of gold, after 5420 moves.
You were level 8 with a maximum of 53 hit points when you died.

